 Dungeon Crawl Stone Soup version 0.31.0-11-ge490571c62 (webtiles) character file.

Game seed: 8238944155604957769

39 qw the Shooter (level 3, 0/20 HPs)
             Began as a Deep Elf Hunter on Feb 4, 2024.
             Succumbed to their own poison gas
             ... on level 1 of the Dungeon.
             The game lasted 00:00:01 (551 turns).

qw the Shooter (Deep Elf Hunter)                     Turns: 551, Time: 00:00:02

Health: 0/20       AC:  3    Str: 16    XL:     3   Next: 28%
Magic:  5/5        EV: 12    Int: 13    God:
Gold:   36         SH:  0    Dex: 18    Spells: 2/2 levels left

rFire   . . .        a - +0 shortbow
rCold   . . .        (shield currently unavailable)
rNeg    . . .        c - +0 leather armour
rPois   .            (no helmet)
rElec   .            (no cloak)
rCorr   .            (no gloves)
SInv    .            (no boots)
Will    .....        (no amulet)
Stlth   ++           h - +6 ring of strength
HPRegen 0.23/turn    (no ring)
MPRegen 0.09/turn

%: no passive effects
@: lethally poisoned (0 -> -2)
A: no striking features
a: no special abilities


You were on level 1 of the Dungeon.
You visited 1 branch of the dungeon, and saw 1 of its levels.

You collected 36 gold pieces.


   Skills:
 - Level 1.5 Fighting
 + Level 6.9 Ranged Weapons
 - Level 2.4 Dodging
 - Level 1.2 Stealth


You had 2 spell levels left.
You didn't know any spells.
Your spell library was empty.

Inventory:

Hand Weapons
 a - a +0 shortbow (weapon)
Armour
 c - a +0 leather armour (worn)
Jewellery
 h - a +6 ring of strength (left hand)
Potions
 f - a potion of haste

Dungeon Overview and Level Annotations

Branches:
Dungeon (1/15)

Altars:


Message History

Done exploring.
541 ||| READING scroll labelled GIBBE RORRYNUS.
As you read the scroll labelled GIBBE RORRYNUS, it crumbles to dust.
It is a scroll of identify.
541 ||| IDENTIFYING white potion;
f - a potion of haste Done exploring.
542 ||| READING scroll labelled ANUIQ MI XUONLI.
As you read the scroll labelled ANUIQ MI XUONLI, it crumbles to dust.
You assume a fearsome visage.
Nothing appears to happen.
It was a scroll of fear.
Done exploring.
543 ||| DROPPING scroll of butterflies.
You drop a scroll of butterflies.
Done exploring.
What level of the Dungeon? (default 1, ? - help) Sorry, I don't know how to get there.
Enter note:
Enter note:
Enter note:
Enter note:
Enter note:
Enter note:
Enter note:
Enter note:
Enter note: You are engulfed in poison gas.
You are poisoned.
You feel very sick.
545 ||| Stepping ~*~*~tactically~*~*~ (cloud).
You feel very sick.
There is a lethal amount of poison in your body!
You feel sick.
There is a lethal amount of poison in your body!
You feel sick.
There is a lethal amount of poison in your body!
You feel sick.
There is a lethal amount of poison in your body!
You feel sick.
There is a lethal amount of poison in your body!
You feel sick.
There is a lethal amount of poison in your body!
You die...

..#...........# #.#
#.......##...#####¤#######
###...#.##.#.#.0¤¤¤00000.######
##.#..#..(.#.#00¤.0)0.00......##
#)##..######0#0.00¤.000#.##.#..#
#)#.....##.0.¤00..0.0000#..#...#
..#...#.##.#¤.000¤.0000#.##.#..#
.##.###....#000¤00..¤¤0#|##.#..#
.##...#.|#......@#?###..#..#...#
###...#......#####.# #.#.##.#..#
##..#..........# #.###.........#
##..##..######.# #.......#.###.#
.#...........#.#########.......#
.##>###....#.#...#....##.#######
..#.###....#.###.#.##.##.#
#.#......).'.##..#..#.##.#
#.####.....####%###.#....#


There were no monsters in sight!

Vanquished Creatures
  A gnoll (D:1)
  2 dart slugs (D:1)
  4 bats (D:1)
  An endoplasm (D:1)
  A giant cockroach (D:1)
  2 hobgoblins (D:1)
  3 jackals (D:1)
  6 ball pythons (D:1)
  A frilled lizard (D:1)
  A goblin (D:1)
  3 kobolds (D:1)
  2 rats (D:1)
27 creatures vanquished.

Notes
Turn   | Place    | Note
-------+----------+-------------------------------------------
     0 | D:1      | qw the Deep Elf Hunter began the quest for the Orb.
     0 | D:1      | Reached XP level 1. HP: 12/12 MP: 3/3
     0 | D:1      | 0 ||| qw: Version: 0.3-a-160-g6735b56
     0 | D:1      | 0 ||| qw: Game counter: 4963
     0 | D:1      | 0 ||| qw: Melee chars always use a shield: true
     0 | D:1      | 0 ||| qw: God list: Okawaru
     0 | D:1      | 0 ||| qw: Allow faded altars: false
     0 | D:1      | 0 ||| qw: Do Orc after clearing Dungeon:15 true
     0 | D:1      | 0 ||| qw: Do second Lair branch before Depths: true
     0 | D:1      | 0 ||| qw: Lair rune preference: random
     0 | D:1      | 0 ||| qw: Goals: Normal
     0 | D:1      | 0 ||| PLANNING D:1-11
     9 | D:1      | Reached skill level 6 in Ranged Weapons
     9 | D:1      | Reached XP level 2. HP: 16/16 MP: 4/4
   207 | D:1      | Reached XP level 3. HP: 20/20 MP: 5/5
   539 | D:1      | 539 ||| UPGRADING to +6 ring of strength.
   540 | D:1      | 540 ||| READING scroll labelled BIDDAFR QUMIAL.
   541 | D:1      | 541 ||| READING scroll labelled GIBBE RORRYNUS.
   541 | D:1      | 541 ||| IDENTIFYING white potion
   542 | D:1      | 542 ||| READING scroll labelled ANUIQ MI XUONLI.
   543 | D:1      | 543 ||| DROPPING scroll of butterflies.
   545 | D:1      | 545 ||| Stepping ~*~*~tactically~*~*~ (cloud).
   546 | D:1      | HP: 5/20 [poisoned by you (poison gas)]
   549 | D:1      | HP: 2/20 [poisoned by you (poison gas)]
   551 | D:1      | Succumbed to their own poison gas

Levels and vault maps discovered:
D:1:      dpeg_arrival_simpleton_a, layout_basic, minmay_small_reverse_x

Skill      XL: |  1 |
---------------+----+-----
Ranged Weapons | 6 |  6.9
Fighting       | |  1.5
Dodging        | |  2.4
Stealth        | |  1.2

Action                     || total
---------------------------++-------
   Fire: Shortbow          ||    66
    Use: Scroll            ||     3
 Armour: Leather armour    ||     3
  Dodge: Dodged            ||     8

Table legend:
 A = Non-vault XP
 B = Vault XP
 C = Vault XP percentage of total XP
 D = Non-vault monster count
 E = Vault monster count
 F = Vault count percentage of total count
                 A         B        C        D         E       F
            +---------+---------+-------+---------+---------+-------
      Total |      49 |       8 |  14.0 |      23 |       4 |  14.8
            +---------+---------+-------+---------+---------+-------
        D:1 |      49 |       8 |  14.0 |      23 |       4 |  14.8
            +---------+---------+-------+---------+---------+-------
